 Dungeon Crawl Stone Soup version 0.25.0-1-g7eea58d (webtiles) character file.

Game seed: 3538822167407897524

137 lyrin the Stinger (level 5, 0/28 HPs)
             Began as a Kobold Venom Mage on June 28, 2020.
             Slain by a jackal (3 damage)
             ... on level 3 of the Dungeon.
             The game lasted 00:06:24 (2859 turns).

lyrin the Stinger (Kobold Venom Mage)               Turns: 2859, Time: 00:06:24

Health: 0/28       AC:  3    Str:  6    XL:     5   Next: 43%
Magic:  3/9        EV: 16    Int: 16    God:
Gold:   97         SH:  0    Dex: 16    Spells: 7/10 levels left

rFire    . . .     SeeInvis .   g - +0 short sword
rCold    . . .     Gourm    .   (shield restricted)
rNeg     . . .     Faith    .   a - +0 robe
rPois    .         Spirit   .   (no helmet)
rElec    .         Reflect  .   (no cloak)
rCorr    .         Harm     .   j - +0 pair of gloves
MR       +....                  (no boots)
Stlth    ++........             (no amulet)
HPRegen  0.09/turn              (no ring)
MPRegen  0.11/turn              (no ring)

@: very slightly contaminated
A: small, carnivore, magic resistance 1, MP-powered wands
a: no special abilities


You were on level 3 of the Dungeon.
You were full.

You visited 1 branch of the dungeon, and saw 3 of its levels.

You collected 97 gold pieces.

Inventory:

Hand Weapons
 g - a +0 short sword (weapon)
Missiles
 k - 2 throwing nets (quivered)
Armour
 a - a +0 robe (worn)
 j - a +0 pair of gloves (worn)
Scrolls
 b - a scroll of noise {unknown}
 e - a scroll of remove curse {unknown}
 i - a scroll of magic mapping {unknown}
Comestibles
 c - 6 rations
 l - 5 chunks of flesh


   Skills:
 + Level 0.4 Fighting
 * Level 2.7 Short Blades
 + Level 2.8 Dodging
 - Level 2.6 Stealth
 + Level 3.1 Spellcasting
 + Level 1.5 Transmutations
 + Level 0.8 Air Magic
 + Level 4.0 Poison Magic


You had 7 spell levels left.
You knew the following spells:

 Your Spells              Type           Power        Failure   Level  Hunger
a - Sting                 Tmut/Pois      ##..         6%          1    None
b - Poisonous Vapours     Pois/Air       ##....       11%         2    ##.....

Your spell library contained the following spells:

 Spells                   Type           Power        Failure   Level  Hunger
 Ignite Poison            Fire/Tmut/Pois #.......     26%         3    ###....
 Mephitic Cloud           Conj/Pois/Air  #.......     28%         3    ###....
 Olgreb's Toxic Radiance  Pois           ###.....     34%         4    ####...


Dungeon Overview and Level Annotations

Branches:
Dungeon (3/15)

Altars:


Innate Abilities, Weirdness & Mutations

You are small and have problems with some larger weapons.
You are carnivorous and can eat meat at any time.
You are resistant to hostile enchantments. (MR+)
You expend magic power (3 MP) to strengthen your wands.


Message History

Aiming: Sting (safe; 6% risk of failure)
Press: ? - help, Shift-Dir - straight line, f - orc
Aim: an orc You miscast Sting.
You are very lightly contaminated with residual magic.
Nothing appears to happen.
The orc barely misses you.
Casting: Sting (safe; 6% risk of failure)
Confirm with . or Enter, or press ? or * to list all spells.
Aiming: Sting (safe; 6% risk of failure)
Press: ? - help, Shift-Dir - straight line, f/p - orc
Aim: an orc The sting hits the orc.
The orc is poisoned.
The orc is heavily wounded.
The orc hits you.
* * * LOW HITPOINT WARNING * * *
You kill the orc!
There is a stone staircase leading down here.
There is a stone staircase leading up here.
The jackal closely misses you. The jackal bites you.
You die...

###########
#.........#
#.........#####
#).............
#.........#
####..>h@.)..#
#......#÷#####
#...†..#.#
#........### #
#..........## #
#...........#
#.......#.....>.
#.......#..#####
#####..##....


You could see a jackal.

Vanquished Creatures
  An orc wizard (D:3)
  3 adders
  A river rat (D:3)
  2 oozes
  A dart slug (D:2)
  A leopard gecko (D:3)
  2 orcs (D:3)
  4 ball pythons
  A giant cockroach (D:3)
  3 goblins
  7 hobgoblins
  10 jackals
  6 kobolds
  6 bats
  4 frilled lizards (D:1)
  10 rats
62 creatures vanquished.

Notes
Turn   | Place    | Note
-------+----------+-------------------------------------------
     0 | D:1      | lyrin the Kobold Venom Mage began the quest for the Orb.
     0 | D:1      | Reached XP level 1. HP: 10/10 MP: 3/3
   286 | D:1      | Reached XP level 2. HP: 15/15 MP: 0/5
   830 | D:1      | Reached skill level 1 in Short Blades
   830 | D:1      | Reached XP level 3. HP: 19/19 MP: 4/6
  1019 | D:1      | Learned a level 2 spell: Poisonous Vapours
  1678 | D:2      | Reached XP level 4. HP: 24/24 MP: 4/8
  2363 | D:2      | Reached XP level 5. HP: 9/28 MP: 0/9
  2721 | D:3      | Reached skill level 4 in Poison Magic
  2825 | D:3      | Gained mutation: You expend magic power (3 MP) to
                  | strengthen your wands. [potion of mutation]
  2825 | D:3      | Gained mutation: You are resistant to hostile enchantments.
                  | (MR+) [potion of mutation]
  2859 | D:3      | Slain by a jackal

Illustrated notes

Levels and vault maps discovered:
D:1:      matt_arrival_refuge, layout_loops_ring
D:2:      layout_basic
D:3:      layout_rooms, marbit_many_paths, grunt_qazlal_sundering,
          lightli_sewer_entry_pipes, chequers_ecumenical_altar_simple,
          nrook_mini_backslash, grunt_ministairs_15, small_statue_intersection,
          uniq_terence

Skill      XL: |  1  2  3  4  5 |
---------------+----------------+-----
Short Blades   | 1 2 |  2.7
Spellcasting   | 3 |  3.1
Poison Magic   | 4 |  4.0
Fighting       | |  0.4
Dodging        | |  2.8
Stealth        | |  2.6
Transmutations | |  1.5
Air Magic      | |  0.8

Action                   |  1- 3 |  4- 6 || total
-------------------------+-------+-------++-------
Melee: Unarmed           |     4 |       ||     4
       Short sword       |    26 |   109 ||   135
 Cast: Sting             |    36 |    10 ||    46
       Poisonous Vapours |     7 |    19 ||    26
  Use: Potion            |       |     2 ||     2
       Scroll            |       |     1 ||     1
 Stab: Sleeping          |       |     1 ||     1
  Eat: Chunk             |    12 |     1 ||    13
Armor: Robe              |     7 |    27 ||    34
Dodge: Dodged            |    59 |   113 ||   172
